Map: [ESL] Babylon

Players

Serral - Winner!

  • Race: Zerg Zerg
  • Spawn Location: 11:00

marcj (uThermal)

  • Race: Terran Terran
  • League: Master
  • Spawn Location: 5:00

Event: HomeStory Cup XXIII

VOD

Have the link to the VOD?

Description

Time

  • Played on: July 1, 2023, 1:28 p.m.
  • Length: 10:28

All games in this series

Show
View Real Time Build Order
Export as new Build Order

Serral Zerg - Winner!

Build Orders: Pool First 

Get SALT Encoding   

  12  0:00  Drone  
  13  0:12  Overlord  
  13  0:17  Drone  
  14  0:30  Drone x2  
  14  0:35  Drone  
  17  0:44  Spawning Pool  
  17  0:47  Drone  
  17  1:08  Hatchery  
  17  1:11  Drone  
  17  1:13  Drone  
  17  1:15  Extractor  
  17  1:20  Drone  
  18  1:30  Queen  
  18  1:32  Zergling x2  
  21  1:38  Overlord  
  21  1:49  Drone  
  22  2:00  Drone  
  23  2:08  Queen  
  23  2:10  Drone  
  26  2:18  Hatchery  
  26  2:22  Drone  
  26  2:25  Drone  
  27  2:31  Metabolic Boost  
  27  2:37  Drone x2  
  27  2:40  Drone  
  30  2:44  Drone  
  30  2:49  Queen  
  33  2:54  Overlord  
  33  2:57  Drone  
  34  2:58  Drone  
  34  3:02  Drone  
  36  3:05  Overlord  
  36  3:16  Queen  
  36  3:19  Drone x4  
  42  3:20  Drone  
  42  3:23  Drone  
  42  3:26  Drone  
  45  3:29  Queen  
  47  3:35  Queen  
  49  3:42  Roach Warren  
  49  3:45  Zergling x6  
  50  3:50  Drone  
  50  3:54  Overlord, Drone  
  50  3:55  Drone x2  
  54  3:58  Zergling x4  
  54  4:01  Overlord  
  56  4:04  Overlord  
  56  4:07  Drone  
  55  4:20  Drone x3, Overlord  
  55  4:23  Roach x3  
  64  4:26  Roach  
  66  4:32  Zergling x8  
  66  4:35  Zergling x4  
  66  4:36  Zergling x2  
  73  4:40  Overlord  
  73  4:46  Drone x3  
  73  4:50  Lair  
  76  4:53  Drone x2  
  76  4:54  Drone  
  76  4:57  Drone x2  
  81  5:00  Overlord  
  81  5:02  Drone x4  
  81  5:03  Overlord  
  85  5:07  Extractor  
  85  5:08  Extractor  
  85  5:10  Roach x2  
  87  5:14  Drone x2  
  87  5:19  Drone  
  87  5:20  Drone x2  
  92  5:23  Extractor  
  92  5:24  Roach x2  
  92  5:26  Hatchery  
  78  5:36  Roach  
  70  5:45  Queen x2  
  70  5:49  Queen  
  74  5:51  Overseer  
  74  5:52  Drone x10  
  74  5:54  Extractor  
  74  5:56  Extractor  
  84  5:58  Roach x2  
  84  5:59  Roach  
  84  6:00  Drone  
  91  6:09  Spore Crawler  
  91  6:10  Spore Crawler  
  91  6:11  Spore Crawler  
  88  6:12  Glial Reconstitution  
  88  6:21  Queen x2  
  92  6:29  Drone x7, Spore Crawler  
  92  6:30  Spire  
  92  6:31  Spore Crawler  
  96  6:33  Drone  
  96  6:37  Roach x3  
  103  6:46  Spire  
  102  6:47  Queen  
  102  6:48  Spore Crawler  
  102  6:51  Queen  
  105  6:56  Roach x3  
  105  7:01  Queen  
  105  7:05  Roach x3  
  109  7:09  Spore Crawler  
  109  7:10  Spore Crawler  
  109  7:15  Queen  
  103  7:19  Drone x5  
  103  7:22  Spore Crawler  
  105  7:25  Spore Crawler  
  105  7:26  Queen  
  107  7:31  Drone x5  
  107  7:35  Spore Crawler  
  112  7:39  Queen  
  112  7:41  Overlord x3  
  108  7:46  Roach  
  108  7:47  Roach x2  
  100  7:53  Overlord x2  
  98  7:59  Roach x5  
  107  8:06  Corruptor x2  
  107  8:12  Corruptor x2  
  109  8:18  Corruptor x2  
  115  8:20  Queen  
  115  8:25  Corruptor  
  119  8:31  Corruptor x2  
  123  8:38  Corruptor  
  123  8:40  Drone x3  
  123  8:41  Drone  
  129  8:47  Corruptor  
  131  8:52  Drone x5  
  122  9:00  Drone x5  
  127  9:11  Corruptor x2  
  131  9:19  Corruptor x3  
  137  9:24  Extractor  
  137  9:25  Extractor  
  137  9:28  Roach x4  
  133  9:32  Drone x4  
  133  9:38  Roach x3  
  133  9:45  Roach x5  
  143  9:56  Corruptor  
  145  10:01  Ravager x3  
  145  10:02  Ravager x2  
  145  10:03  Overlord x2  
Show
View Real Time Build Order
Export as new Build Order

marcj Terran 

Build Orders: Hellion Opening, Reaper Expand 

Get SALT Encoding   

  12  0:00  SCV  
  13  0:12  SCV  
  14  0:17  Supply Depot  
  14  0:24  SCV  
  15  0:39  SCV  
  15  0:40  Barracks  
  16  0:43  Refinery  
  16  0:51  SCV  
  17  1:03  SCV  
  18  1:15  SCV  
  19  1:27  Orbital Command, Reaper  
  20  1:41  Command Center  
  20  1:51  Supply Depot  
  20  1:54  SCV  
  20  1:59  Marine  
  22  2:07  Factory  
  22  2:10  SCV  
  22  2:15  Refinery  
  23  2:21  Barracks Reactor  
  23  2:23  SCV  
  24  2:35  SCV  
  25  2:41  Ghost Academy  
  25  2:47  SCV  
  26  2:54  Orbital Command  
  26  2:59  SCV  
  26  3:01  Hellion  
  26  3:02  Hellion  
  26  3:03  Barracks Tech Lab  
  31  3:11  SCV  
  32  3:20  SCV  
  32  3:21  Ghost  
  32  3:23  Hellion  
  32  3:25  Hellion  
  39  3:29  Refinery  
  39  3:34  Supply Depot  
  39  3:36  SCV x2  
  41  3:48  Refinery  
  41  3:49  Hellion  
  41  3:50  SCV, Ghost  
  46  3:56  Hellion  
  48  4:03  SCV, Starport  
  48  4:04  SCV  
  50  4:15  SCV  
  50  4:16  SCV, Hellion  
  54  4:21  Supply Depot  
  54  4:36  Starport  
  54  4:39  Fusion Core  
  54  4:42  Ghost  
  54  4:43  SCV  
  57  4:47  Hellion x2  
  57  4:49  SCV  
  62  4:55  Starport Tech Lab, Supply Depot  
  62  5:03  Supply Depot  
  62  5:09  Supply Depot  
  62  5:15  Starport Tech Lab  
  62  5:17  SCV x2  
  64  5:29  SCV  
  64  5:33  Battlecruiser  
  71  5:42  Battlecruiser  
  73  5:46  Weapon Refit  
  69  5:50  SCV x2  
  69  5:53  Hellion  
  69  5:56  Hellion  
  75  6:02  SCV  
  75  6:03  Supply Depot  
  75  6:04  Ghost  
  76  6:07  SCV  
  79  6:15  SCV  
  79  6:17  Hellion  
  79  6:18  Hellion  
  84  6:26  Supply Depot  
  84  6:30  SCV  
  84  6:31  Supply Depot  
  84  6:32  Ghost  
  85  6:38  Battlecruiser  
  94  6:47  SCV  
  94  6:48  Hellion x2  
  83  7:04  Ghost  
  83  7:30  Battlecruiser, Command Center  
  77  7:39  Hellion  
  77  7:40  Hellion  
  77  7:44  Battlecruiser  
  77  7:55  SCV x2  
  79  8:00  Hellion  
  79  8:01  Hellion  
  83  8:07  SCV x2  
  85  8:18  Ghost  
  85  8:19  SCV  
  88  8:20  Armory  
  88  8:21  Hellion  
  88  8:24  Barracks, Hellion  
  92  8:43  Hellion  
  92  8:44  SCV x2  
  92  8:46  Hellion  
  92  8:47  Ghost  
  100  8:52  Battlecruiser  
  86  9:03  Command Center  
  86  9:04  SCV  
  86  9:05  Engineering Bay  
  87  9:15  Ghost  
  87  9:16  Hellion x2  
  93  9:18  Barracks Tech Lab  
  93  9:21  SCV  
  94  9:27  SCV  
  94  9:30  SCV  
  91  9:34  SCV  
  80  9:43  Orbital Command  
  80  9:44  Ghost  
  80  9:48  SCV  
  80  9:52  Hellion  
  82  10:13  SCV  
  82  10:14  SCV  
Tags
 
Add a new tag
Caveats
  • Supply blocks, unpowered buildings, or Contaminate may cause inaccurate times.
  • Supply counts are checked every 10 seconds.